 Dungeon Crawl Stone Soup version 0.32-a0-314-g526f7d4993 (webtiles) character file.

Game seed: 11115111643525020418

1619 whatisthis the Cleaver (level 8, -3/66 HPs)
             Began as a Mountain Dwarf Reaver on Feb 15, 2024.
             Was an Initiate of Zin.
             Slain by a red ugly thing (10 damage)
             ... on level 6 of the Dungeon.
             The game lasted 00:21:27 (6915 turns).

whatisthis the Cleaver (Mountain Dwarf Reaver)      Turns: 6915, Time: 00:21:28

Health: -3/66      AC:  7    Str: 16    XL:     8   Next: 64%
Magic:  10/10      EV: 10    Int: 15    God:    Zin [......]
Gold:   126        SH:  0    Dex: 14    Spells: 9/10 levels left

rFire   + . .        a - +0 hand axe
rCold   . . .        (no shield)
rNeg    . . .        p - +0 scale mail
rPois   .            u - +2 hat
rElec   .            j - +0 cloak
rCorr   .            (no gloves)
SInv    .            (no boots)
Will    .....        (no amulet) Stlth
                     g - ring of protection from fire
HPRegen 0.31/turn    b - +6 ring of dexterity
MPRegen 0.12/turn

%: no passive effects
@: lethally poisoned (-3 -> -9), hasted, very quick
A: runic magic, artefact enchanting, deformed body, frail 1
a: Renounce Religion, Donate Gold


You were on level 6 of the Dungeon.
You worshipped Zin.
Zin was noncommittal.
You visited 2 branches of the dungeon, and saw 7 of its levels.

You collected 139 gold pieces.
You donated 13 gold pieces to Zin.

Inventory:

Hand Weapons
 a - a +0 hand axe (weapon)
Missiles
 l - 2 javelins
 v - 7 boomerangs
 x - 7 poisoned darts (quivered)
Armour
 j - a +0 cloak (worn)
 p - a +0 scale mail (worn)
 u - a +2 hat (worn)
 y - a +0 chain mail
 z - a +0 pair of gloves
Jewellery
 b - a +6 ring of dexterity (right hand)
 d - an amulet of magic regeneration
 e - a ring of fire
 g - a ring of protection from fire (left hand)
 h - a ring of ice
 n - a +6 ring of intelligence
Scrolls
 f - a scroll of torment {unknown}
 i - a scroll of noise {unknown}
 m - 5 scrolls of identify {unknown}
 q - 2 scrolls of enchant weapon {unknown}
 s - a scroll of enchant armour {unknown}
 t - 2 scrolls of revelation {unknown}
 w - a scroll of poison {unknown}
Potions
 o - 2 potions of attraction


   Skills:
 + Level 8.0 Fighting
 + Level 9.1 Axes
 + Level 5.0 Armour
 - Level 1.3 Dodging
 - Level 1.7 Spellcasting
 - Level 2.6 Conjurations


You had 9 spell levels left.
You knew the following spells:

 Your Spells              Type           Power      Damage    Failure   Level
a - Kiss of Death         Conj/Necr      20%        2d7       17%         1

Your spell library contained the following spells:

 Spells                   Type           Power      Damage    Failure   Level
 Foxfire                  Conj/Fire      20%        2x1d5     17%         1
 Shock                    Conj/Air       20%        1d4       17%         1
 Momentum Strike          Conj/Tloc      10%        3d8       26%         2
 Ensorcelled Hibernation  Hex/Ice        2%         N/A       41%         2
 Mercury Vapours          Alch/Air       2%         N/A       41%         2
 Hailstorm                Conj/Ice       5%         3d5       45%         3
 Mephitic Cloud           Conj/Alch/Air  4%         N/A       52%         3
 Fugue of the Fallen      Necr           1%         N/A       65%         3
 Swiftness                Air            1%         N/A       65%         3
 Airstrike                Air            0%         2d(1-17)  96%         4
 Anguish                  Hex/Necr       0%         N/A       96%         4
 Ignite Poison            Fire/Alch      1%         N/A       96%         4
 Summon Blazeheart Golem  Fire/Summ      1%         N/A       96%         4
 Fireball                 Conj/Fire      2%         3d4       99%         5
 Freezing Cloud           Conj/Ice/Air   2%         6-21      99%         5
 Alistair's Intoxication  Alch           0%         N/A       100%        5
 Borgnjor's Vile Clutch   Necr/Erth      0%         N/A       100%        5
 Eringya's Noxious Bog    Alch           0%         4d6       100%        6


Dungeon Overview and Level Annotations

Branches:
Dungeon (6/15)             Temple (1/1) D:4

Altars:
Ashenzari
Cheibriados
Elyvilon
Fedhas
Gozag
Hepliaklqana
Kikubaaqudgha
Makhleb
Nemelex Xobeh
Okawaru
Qazlal
Sif Muna
Trog
Uskayaw
Vehumet
Wu Jian
Yredelemnul
Zin
The Shining One

Shops:
D:1 [   D:4 *

Annotations:
D:4 Edmund
D:6 Duvessa, Grinder


Innate Abilities, Weirdness & Mutations

Your spellcasting is much less encumbered by armour.
You can use scrolls of enchantment on lesser artefacts.
Armour fits poorly on your strangely shaped body.
You are frail. (-10% HP)


Message History

The water moccasin bites you.
You are more poisoned.
The water moccasin poisons you!
The water moccasin completely misses you.
The ice beast attacks as it pursues you!
The ice beast barely misses you.
You feel very sick.
The water moccasin attacks as it pursues you!
The water moccasin bites you.
You are more poisoned.
The water moccasin poisons you!
You feel very sick.
The ice beast attacks as it pursues you!
The ice beast hits you. The ice beast freezes you!
* * * LOW HITPOINT WARNING * * *
You feel very sick. The water moccasin barely misses you.
* * * LOW HITPOINT WARNING * * *
You feel very sick.
The water moccasin attacks as it pursues you!
The water moccasin barely misses you.
As you read the scroll of teleportation, it crumbles to dust.
You feel strangely unstable.
* * * LOW HITPOINT WARNING * * *
You feel very sick. The water moccasin barely misses you.
The ice beast hits you but does no damage.
It was a potion of magic.
Magic courses through your body.
* * * LOW HITPOINT WARNING * * *
You feel sick. The water moccasin misses you.
The water moccasin closely misses you. The ice beast closely misses you.
It was a potion of haste.
You feel yourself speed up.
Your surroundings suddenly seem different.
An acid dragon and a red ugly thing come into view.
Found six items.
* * * LOW HITPOINT WARNING * * *
You feel sick.
The acid dragon roars!
The red ugly thing gurgles horribly!
The red ugly thing tail-slaps you!
You die...

.....#..## .........#
......#..# #....##..##
##...##...# ###......# #####
####....## ..# ....#
...)#[($###........#
..#.....#.....#D@u##.).......#
..#..#..#..#..#$)[#..#.####.##
..#..#..#..#..###'#..#.# ##
.....#.....#....!.#..###
.....#.5...#.o....##.#
####################.#
..............lS.....#
...............Y....##
#####################


You could see a red ugly thing and an acid dragon.

Vanquished Creatures
  Pikel (D:3)
  A water moccasin (D:5)
  An ogre (D:4)
  A phantom (D:5)
  A centaur (D:5)
  2 lemures (D:3)
  Blork the orc (D:6)
  3 scorpions
  A jelly (D:6)
  4 hounds
  2 iguanas (D:4)
  An orc wizard (D:5)
  5 gnolls
  12 adders
  3 dart slugs
  5 ribbon worms
  13 orcs
  4 bats
  8 endoplasms
  4 giant cockroaches
  12 goblins
  7 hobgoblins
  5 jackals
  8 kobolds
  3 quokkas
  7 ball pythons
  6 frilled lizards
  5 rats
126 creatures vanquished.

Notes
Turn   | Place    | Note
-------+----------+-------------------------------------------
     0 | D:1      | whatisthis the Mountain Dwarf Reaver began the quest for
                  | the Orb.
     0 | D:1      | Reached XP level 1. HP: 17/17 MP: 3/3
    84 | D:1      | Reached skill level 4 in Axes
    84 | D:1      | Reached XP level 2. HP: 22/25 MP: 4/4
   423 | D:1      | Reached XP level 3. HP: 18/31 MP: 5/5
   623 | D:1      | Found Kotwienn's Antique Armour Shop.
  1053 | D:2      | Reached XP level 4. HP: 39/40 MP: 6/6
  1067 | D:2      | Reached skill level 5 in Axes
  1253 | D:2      | Found a faded altar of an unknown god.
  1889 | D:2      | Reached XP level 5. HP: 46/46 MP: 7/7
  1947 | D:2      | Found a broken altar of Ashenzari.
  2348 | D:3      | Found a glowing silver altar of Zin.
  2367 | D:3      | Became a worshipper of Zin the Law-Giver
  2594 | D:3      | Found an ornate altar of the Wu Jian Council.
  2694 | D:3      | Found an iron altar of Okawaru.
  2854 | D:3      | Reached skill level 6 in Axes
  2856 | D:3      | Reached skill level 5 in Fighting
  2968 | D:3      | Found a glowing drain.
  3287 | D:4      | Noticed an ogre
  3292 | D:4      | Killed an ogre
  3293 | D:4      | Reached XP level 6. HP: 56/56 MP: 8/8
  3381 | D:4      | Found a staircase to the Ecumenical Temple.
  3396 | Temple   | Entered the Ecumenical Temple
  3408 | D:4      | Found Esufitt's Assorted Antiques.
  3524 | D:3      | Gained mutation: Armour fits poorly on your strangely
                  | shaped body. [potion of mutation]
  3524 | D:3      | Gained mutation: You are frail. (-10% HP) [potion of
                  | mutation]
  3527 | D:3      | Reached skill level 7 in Axes
  3935 | D:4      | Noticed Edmund
  4317 | D:4      | Got the Lessons on Fire
  4355 | D:4      | Reached XP level 7. HP: 35/56 MP: 9/9
  4397 | D:4      | Noticed Pikel
  4667 | D:4      | Reached skill level 1 in Armour
  4705 | D:3      | HP: 1/56 [lemure[Pikel] (5)]
  5082 | D:3      | Killed Pikel
  5083 | D:3      | Reached skill level 8 in Axes
  5262 | D:5      | Entered Level 5 of the Dungeon
  5322 | D:5      | Reached XP level 8. HP: 40/65 MP: 10/10
  5803 | D:5      | Reached * piety under Zin
  6117 | D:5      | Found a bloodstained altar of Trog.
  6122 | D:5      | Found a shimmering blue altar of Sif Muna.
  6286 | D:6      | Noticed Duvessa
  6286 | D:6      | Noticed Grinder
  6356 | D:5      | Reached skill level 9 in Axes
  6735 | D:6      | Noticed Blork the orc
  6759 | D:6      | Killed Blork the orc
  6760 | D:6      | Reached skill level 5 in Armour
  6915 | D:6      | Noticed a red ugly thing
  6915 | D:6      | Slain by a red ugly thing

Illustrated notes

Levels and vault maps discovered:
D:1:      kennysheep_arrival_seaside, layout_loops_cross, serial_shops,
          nicolae_shop_competitors_out_of_business
D:2:      layout_basic, basic_altar, hellmonk_ecumenical_altar_prayer_group,
          dreamdust_princess_bridge, minmay_puff
D:3:      layout_loops_cross, zin_academy, mainiacjoe_overflow_alcove_2,
          mainiacjoe_overflow_tiny_flanked, cheibrodos_sewer_entry_bend,
          chequers_decorated_corner, feat_on_display
D:4:      layout_cave_pools, minmay_temple_entry_statues_pillars, serial_shops,
          shop, kennysheep_generic_room_12, uniq_edmund, uniq_pikel
D:5:      layout_basic, hellmonk_overflow_destroyed_library
D:6:      kennysheep_windowed_halls, layout_cave_pools, uniq_blork_the_orc,
          uniq_duvessa, uniq_grinder
Temple:   compressed_dpeg_triangle_lava_temple

Skill      XL: |  1  2  3  4  5  6  7  8 |
---------------+-------------------------+-----
Axes           | 4 5 6 7 8 9 |  9.1
Fighting       | 3 4 5 6 7 8 |  8.0
Armour         | 3 5 |  5.0
Dodging        | |  1.3
Spellcasting   | |  1.7
Conjurations   | |  2.6

Action                     |  1- 3 |  4- 6 |  7- 9 || total
---------------------------+-------+-------+-------++-------
  Melee: Hand axe          |   133 |   238 |   208 ||   579
  Throw: Boomerang         |       |    10 |     4 ||    14
         Dart              |       |     4 |     9 ||    13
  Evoke: Wand              |       |     6 |    12 ||    18
    Use: Potion            |     3 |     5 |     2 ||    10
         Scroll            |     1 |     2 |     2 ||     5
   Stab: Paralysed         |       |       |    28 ||    28
 Armour: Leather armour    |    81 |     5 |       ||    86
         Ring mail         |       |   186 |     3 ||   189
         Skin              |       |     5 |       ||     5
         Scale mail        |       |       |   178 ||   178
  Dodge: Dodged            |    93 |   118 |   106 ||   317

Table legend: (Time is in decaauts)
 A = Elapsed time spent in this place.
 B = Non-inter-level travel time spent in this place.
 C = Inter-level travel time spent in this place.
 D = Time resting spent in this place.
 E = Time spent auto-exploring this place.
 F = Levels seen in this place.
 G = Mean time per level.
                   A        B        C        D        E       F      G
               +--------+--------+--------+--------+--------+-----+--------+
         Total |   6928 |   6424 |    504 |   1404 |   2253 |   7 |  989.7 |
       Dungeon |   6926 |   6422 |    504 |   1404 |   2253 |   6 | 1154.3 |
        Temple |      1 |      1 |      0 |      0 |      0 |   1 |    1.0 |
               +--------+--------+--------+--------+--------+-----+--------+

Top non-repeatable levels by time:
     D:3: 2131 daAuts
     D:2: 1405 daAuts
     D:5: 1132 daAuts
     D:1: 952 daAuts
     D:4: 798 daAuts
     D:6: 506 daAuts
  Temple: 1 daAuts
